 Dungeon Crawl Stone Soup version 0.17-a0-1596-g1e86911 (webtiles) character file.

95 Oddball22 the Slasher (level 4, -1/30 HPs)
             Began as a High Elf Skald on July 30, 2015.
             Slain by a gnoll
             ... wielding a +0 halberd
              (11 damage)
             ... on level 2 of the Dungeon.
             The game lasted 00:06:53 (2071 turns).

Oddball22 the Slasher (High Elf Skald)              Turns: 2071, Time: 00:06:53

Health: -1/30      AC:  4    Str: 11    XL:     4   Next: 40%
Magic:  11/17      EV: 12    Int: 15    God:
Gold:   96         SH:  0    Dex: 16    Spells: 3 memorised, 2 levels left

rFire  . . .     SeeInvis .     a - +0 falchion
rCold  . . .     Clarity  .     b - +0 leather armour
rNeg   . . .     SustAt   .     (no shield)
rPois  .         Gourm    .     (no helmet)
rElec  .         Spirit   .     k - +0 cloak
rCorr  .         Warding  .     (no gloves)
rMut   .         Stasis   .     (no boots)
MR     .....                    l - amulet of faith
Stlth  +.........               (no ring)
                                s - ring of magical power

@: singing, not resistant to hostile enchantments, very unstealthy
A: no striking features
a: Stop Singing


You were on level 2 of the Dungeon.
You were not hungry.

You visited 1 branch of the dungeon, and saw 2 of its levels.

You collected 96 gold pieces.

Inventory:

Hand weapons
 a - a +0 falchion (weapon)
Armour
 b - a +0 leather armour (worn)
 k - a +0 cloak (worn)
Jewellery
 l - an amulet of faith (around neck)
 s - a ring of magical power (left hand)
Scrolls
 e - a scroll of fog {unknown}
 g - a scroll of random uselessness {unknown}
 h - a scroll of immolation {unknown}
 j - a scroll of magic mapping {unknown}
 m - a scroll of enchant armour {unknown}
 n - 2 scrolls of teleportation {unknown}
 q - a scroll of remove curse {unknown}
 r - a scroll of amnesia {unknown}
Potions
 f - 2 potions of cancellation {unknown}
 i - a potion of brilliance {unknown}
 o - a potion of heal wounds {unknown}
 t - a potion of curing {unknown}
Books
 c - a book of Battle

   Spells                             Type                      Level
   a - Infusion                       Charms                       1
   b - Shroud of Golubria             Charms/Translocation         2
   c - Song of Slaying                Charms                       2
   d - Spectral Weapon                Hexes/Charms                 3
   e - Regeneration                   Charms/Necromancy            3
Comestibles
 d - a bread ration
 p - 3 chunks of flesh


   Skills:
 + Level 2.8 Fighting
 * Level 4.6 Long Blades
 - Level 0.8 Armour
 + Level 2.1 Dodging
 - Level 2.4 Spellcasting
 - Level 3.6 Charms


You had 2 spell levels left.
You knew the following spells:

 Your Spells              Type           Power        Failure   Level  Hunger
a - Infusion              Chrm           ##....       10%         1    #......
b - Song of Slaying       Chrm           ##......     12%         2    ###....
c - Shroud of Golubria    Chrm/Tloc      #.........   24%         2    ###....


Dungeon Overview and Level Annotations

Branches:
Dungeon (2/15)

Altars:
Ashenzari


Message History

The gnoll misses you.
You hit the gnoll.
The gnoll is almost dead.
You are no longer magically infusing your attacks.
The gnoll hits you.
* * * LOW HITPOINT WARNING * * *
The gnoll barely misses you. The gnoll closely misses you.
You hit the gnoll.
You kill the gnoll!
The gnoll barely misses you. The gnoll misses you.
You slash the gnoll!
The gnoll is heavily wounded.
You hear a shout!
The gnoll closely misses you.
A gnoll comes into view. It is wielding a spear.
You hit the gnoll.
The gnoll is almost dead.
The gnoll hits you with a halberd!
You die...

##### #.<.# #...#
################...#
......)w.......'...#
########.@.....#...#
#g......#...#
#.......#...#######
.g..................
.....................
##############.#######
#.# # #.# ## #.# #.


You could see a worm and 2 gnolls.

Vanquished Creatures
  2 gnolls (D:2)
  3 adders (D:2)
  2 oozes (D:1)
  A worm (D:2)
  5 bats
  3 giant cockroaches
  5 goblins
  7 hobgoblins
  3 jackals (D:1)
  A quokka (D:2)
  A giant gecko (D:2)
  A giant newt (D:1)
  3 kobolds
  4 rats
41 creatures vanquished.

Notes
Turn   | Place    | Note
--------------------------------------------------------------
     0 | D:1      | Oddball22 the High Elf Skald began the quest for the Orb.
     0 | D:1      | Reached XP level 1. HP: 14/14 MP: 4/4
    90 | D:1      | Reached XP level 2. HP: 19/19 MP: 6/6
   115 | D:1      | Found a shattered altar of Ashenzari.
   368 | D:1      | Learned a level 2 spell: Song of Slaying
   371 | D:1      | Learned a level 2 spell: Shroud of Golubria
  1344 | D:1      | Reached XP level 3. HP: 25/25 MP: 7/7
  1446 | D:2      | Reached skill level 4 in Long Blades
  1760 | D:2      | Reached XP level 4. HP: 25/30 MP: 8/8
  2071 | D:2      | Slain by a gnoll

Vault maps used:
D:1:      dpeg_arrival_simpleton_c, ashenzari_altar_1
D:2:      hex_large

Action                   |  1- 3 |  4- 6 || total
-------------------------+-------+-------++-------
Melee: Falchion          |   109 |    19 ||   128
 Cast: Infusion          |     9 |     2 ||    11
       Song of Slaying   |     1 |     1 ||     2
 Stab: Sleeping          |     2 |       ||     2
  Eat: Chunk             |     3 |     1 ||     4
